AoeStats
← IgloN

Arabia

505988852Analyzed
1v1 RM · 19d ago on Sep 11, 2026· 58m 33s· 2 players
Game mode
Random Map
Map size
Tiny (2 player)
Population
200
Speed
Normal
Resources
Standard
Victory
Conquest
Starting age
Dark Age
Ending age
Imperial Age
RankedLock teamsTeams togetherTeam positionsShared explorationLock speedFull tech treeHidden civsTurbo modeCheats
Victory
Defeat
🇺🇸 Japanese · United States
772
+18
🇳🇴 Vikings · Norway
816
-47
Jmoney14
0:56 Loom
13:27 Feudal Age
15:04 Horse Collar
15:14 Double-Bit Axe
17:10 Wheelbarrow
18:05 Forging
17:46 Fletching
18:02 Scale Barding Armor
17:58 Scale Mail Armor
17:58 Padded Archer Armor
22:45 Castle Age
24:06 Thumb Ring
24:23 Hand Cart
24:41 Bow Saw
24:35 Heavy Plow
29:19 Crossbowman
29:21 Elite Skirmisher
31:35 Husbandry
31:46 Bloodlines
38:10 Imperial Age
35:40 Pikeman
36:21 Squires
36:52 Gold Mining
36:54 Stone Mining
39:16 Kataparuto
38:19 Capped Ram
39:09 Elite Samurai
39:30 Cavalier
42:00 Bodkin Arrow
42:40 Iron Casting
46:41 Two-Man Saw
50:10 Chain Mail Armor
56:00 Blast Furnace
IgloN
2:27 Loom
13:58 Feudal Age
14:38 Horse Collar
14:49 Double-Bit Axe
15:01 Gold Mining
16:39 Man-at-Arms
17:06 Arson
17:34 Forging
17:42 Scale Mail Armor
27:27 Fletching
30:39 Castle Age
31:00 Long Swordsman
31:41 Squires
31:27 Gambesons
31:07 Elite Skirmisher
32:05 Chain Mail Armor
32:28 Iron Casting
32:55 Gambesons
37:42 Gold Shaft Mining
36:58 Stone Mining
40:51 Ballistics
40:44 Masonry
40:29 Murder Holes
40:43 Bodkin Arrow
40:50 Padded Archer Armor
48:52 Imperial Age
49:36 Bow Saw
Connection lost

Rejoining the realm…

Still unreachable

The connection could not be restored.

Session expired

The server has moved on; the page needs a fresh start.